 Dungeon Crawl Stone Soup version 0.30-a0-728-gc68057be0a (webtiles) character file.

Game seed: 17381520405396438719

52 screamidelica the Chopper (level 3, -4/23 HPs)
             Began as a Gargoyle Fighter on Jan 31, 2023.
             Was a Follower of the Shining One.
             Slain by an ice beast (7 damage)
             ... on level 3 of the Dungeon.
             The game lasted 00:01:52 (1657 turns).

screamidelica the Chopper (Gargoyle Fighter)        Turns: 1657, Time: 00:01:53

Health: -4/23      AC: 12    Str: 21    XL:     3   Next: 85%
Magic:  3/3        EV:  7    Int:  8    God:    the Shining One [*.....]
Gold:   82         SH:  4    Dex:  9    Spells: 2/2 levels left

rFire   . . .      SeeInvis .    i - +2 dagger (flame)
rCold   . . .      Faith    .    c - +0 buckler
rNeg    + . .      Spirit   .    o - +0 chain mail
rPois   ∞          Reflect  .    (no helmet)
rElec   +          Harm     .    (no cloak)
rCorr   .          Rampage  .    (no gloves)
Will    .....                    (no boots) Stlth
                                 (no amulet)
HPRegen 0.23/turn                (no ring)
MPRegen 0.08/turn                (no ring)

@: about to teleport, glowing
A: sickness immunity, AC +3, negative energy resistance 1, electricity
resistance, torment resistance 1, petrification resistance
a: Renounce Religion, Divine Shield


You were on level 3 of the Dungeon.
You worshipped the Shining One.
The Shining One was aware of your devotion.
You visited 1 branch of the dungeon, and saw 3 of its levels.

You collected 82 gold pieces.

Inventory:

Hand Weapons
 a - a +0 war axe
 i - a +2 dagger of flaming (weapon)
Armour
 c - a +0 buckler (worn)
 o - a +0 chain mail (worn)
Scrolls
 e - a scroll of fear {unknown}
 f - a scroll of immolation
Potions
 d - 3 potions of might
 g - a potion of brilliance
 h - a potion of degeneration
 k - a potion of curing {@q1}
 l - a potion of mutation
 m - 2 potions of ambrosia


   Skills:
 - Level 3.2 Fighting
 * Level 3.6 Axes
 - Level 3.2 Armour
 - Level 3.2 Shields


You had 2 spell levels left.
You didn't know any spells.
Your spell library contained the following spells:

 Spells                   Type           Power      Damage    Failure   Level
 Foxfire                  Conj/Fire      0%         2x1d4     99%         1
 Fireball                 Conj/Fire      0%         3d3       100%        5
 Starburst                Conj/Fire      0%         6d3       100%        6


Dungeon Overview and Level Annotations

Branches:
Dungeon (3/15)

Altars:
The Shining One


Innate Abilities, Weirdness & Mutations

You are immune to sickness and miasma.
Your stone body is resilient. (AC +3)
You are immune to poison.
You resist negative energy. (rN+)
You are resistant to electric shocks. (rElec)
You are resistant to unholy torment.
You are immune to petrification.


Message History

No target in view!
No target in view!
No target in view!
No target in view!
An ice beast comes into view.
You see here a scroll labelled PUESKO JYONEG.
e - a scroll labelled PUESKO JYONEG You are now empty-handed.
Your +2 dagger of flaming bursts into flame!
i - a +2 dagger of flaming (weapon)
You hit the ice beast.
You melt the ice beast.
The ice beast is lightly wounded.
The ice beast hits you but does no damage.
You hit the ice beast but do no damage.
The ice beast is lightly wounded.
The ice beast hits you but does no damage.
You hit the ice beast but do no damage.
The ice beast is lightly wounded.
The ice beast barely misses you.
You hit the ice beast.
You melt the ice beast.
The ice beast is lightly wounded.
The ice beast hits you but does no damage.
You hit the ice beast but do no damage.
The ice beast is lightly wounded.
The ice beast hits you but does no damage.
You hit the ice beast.
You melt the ice beast.
The ice beast is moderately wounded.
The ice beast hits you but does no damage.
You hit the ice beast.
You melt the ice beast.
The ice beast is moderately wounded.
The ice beast hits you. The ice beast freezes you.
You hit the ice beast but do no damage.
The ice beast is moderately wounded.
The ice beast hits you. The ice beast freezes you!
* * * LOW HITPOINT WARNING * * *
As you read the scroll of teleportation, it crumbles to dust.
You feel strangely unstable. The ice beast hits you.
* * * LOW HITPOINT WARNING * * *
The ice beast freezes you!
You die...

########################*******
<........,.........>:..,,,,,,,***
..)......**#.....$....******,,,,*
########.* #........#,,** *,,,,*
*,* #........#,,,****,,,,* *,*
#.....Y..#,,,,,,*,,,,, *,*
#....@...#*,***,*,,,,,
**,*##........#*,***,*,,,,,
*,............#*,,,,,,,,,,,
**####........#######*,,*,,
######+#........,,,+,,
#..........##,***,,
#..........#*,* *,,
#..........#*,* *,,
#..........#*,* **,


You could see an ice beast.

Vanquished Creatures
  2 adders
  2 worms (D:2)
  2 dart slugs
  4 ball pythons
  3 bats
  2 endoplasms
  6 goblins
  A kobold (D:3)
  3 rats
25 creatures vanquished.

Notes
Turn   | Place    | Note
-------+----------+-------------------------------------------
     0 | D:1      | screamidelica the Gargoyle Fighter began the quest for the
                  | Orb.
     0 | D:1      | Reached XP level 1. HP: 14/14 MP: 1/1
   228 | D:1      | Reached XP level 2. HP: 19/19 MP: 2/2
   622 | D:2      | Reached XP level 3. HP: 23/23 MP: 3/3
   895 | D:2      | Found a faded altar of an unknown god.
  1454 | D:2      | Prayed at the altar of an unknown god.
  1454 | D:2      | Became a worshipper of the Shining One
  1454 | D:2      | Reached * piety under the Shining One
  1644 | D:3      | Noticed an ice beast
  1657 | D:3      | Slain by an ice beast

Illustrated notes

Levels and vault maps discovered:
D:1:      ncdulo_lavacross, layout_basic, kennysheep_decorative_pillar
D:2:      layout_basic, shapermc_ecumenical_altar_mp_urbaneastern
D:3:      layout_basic, uniq_robin

Skill      XL: |  1  2 |
---------------+-------+-----
Axes           | 2 3 |  3.6
Fighting       | |  3.2
Armour         | |  3.2
Shields        | |  3.2

Action                     || total
---------------------------++-------
  Melee: War axe           ||    65
         Dagger            ||     8
    Use: Scroll            ||     9
 Armour: Scale mail        ||    31
         Chain mail        ||     5
  Dodge: Dodged            ||    17
  Block: Buckler           ||    10

Table legend: (Time is in decaauts)
 A = Elapsed time spent in this place.
 B = Non-inter-level travel time spent in this place.
 C = Inter-level travel time spent in this place.
 D = Time resting spent in this place.
 E = Time spent auto-exploring this place.
 F = Levels seen in this place.
 G = Mean time per level.
                   A        B        C        D        E       F      G
               +--------+--------+--------+--------+--------+-----+--------+
         Total |   1681 |   1497 |    184 |      4 |   1291 |   3 |  560.3 |
       Dungeon |   1681 |   1497 |    184 |      4 |   1291 |   3 |  560.3 |
               +--------+--------+--------+--------+--------+-----+--------+

Top non-repeatable levels by time:
     D:2: 997 daAuts
     D:1: 564 daAuts
     D:3: 119 daAuts
